cohdb
Replays
Latest Replays
All Replays
Popular Replays
Top Player Replays
Match Explorer
How It Works
Community
CoH3 Stats
Reddit
Sign in to upload your games and track your stats! →
Sign in with Steam
Match 43946561
Unlisted
Match 43946561
Overview
Messages
Build Orders
End
Panzerpioneer Squad
250 Light Carrier
Panzergrenadier Squad
Construct Light Support Kompanie
Panzergrenadier Squad
MG34 Team
Construct Mechanized Kompanie
8 Rad Armored Car
Vehicle Survival Package
Selects Panzerjäger Kommand Battlegroup
Selects Mine Fields
Selects Defensive Positions
Panzerjäger Mechanized Group
Selects Butterfly Bomb Drop
Butterfly Bomb Drop
Support Armor Elements
8 Rad Armored Car
Selects Tank Busters
Selects Crew Shock Tactics
Emergency Repair Kits
Rapid Advance
Construct Panzerarmee Kommand
Butterfly Bomb Drop
Panzer III L Medium Tank
Tungsten Core Ammunition
Panzer III L Medium Tank
Selects Anti-tank Overwatch
18-tonne Recovery Half-track
Advanced Optics
Anti-tank Overwatch
Panzer III L Medium Tank
Panzer III L Medium Tank
Butterfly Bomb Drop
Anti-tank Overwatch
Kampfstärke
[PBS] Sigizmund
MrGlaucus
Getmeout
Frost233233
Michty Action X
THE one-冰封夕阳
tylerbishop1055
0
0
Comments
sign in to comment!
No comments posted yet!